Workbook
Name _4.1.4: #REF!
Name _4.1.4: #REF!
Name _TOT20: [1]Indiretas!#REF!
Name _TOT20: [1]Indiretas!#REF!
Name CD: #REF!
Name CD: #REF!
Name CI: #REF!
Name CI: #REF!
Name PV: #REF!
Name PV: #REF!
Name PVA: #REF!
Name PVA: #REF!
Name STI: #REF!
Name STI: #REF!

Sheet Orçamento
D1: PLANILHA DE ORÇAMENTO - ESTIMATIVA DE PREÇO | K1: =L197 -> 723892.65
D3: OBRA/ BLOCO: | E3: COMPLEXO ESCOLA ESPECIAL / BLOCO 01 (SEDE ESCOLA ESPECIAL) | G3: 1.2273 | J3: BDI: | K3: 0.2273
D4: LOCAL: | E4: DISTRITO DE TRIGOLÂNDIA, MUNICÍPIO DE PIÊN-PR | J4: REFERÊNCIA: | K4: SINAPI (Não Desonerado)
D5: ÁREA: | E5: 174,72 M² | J5: DATA BASE: | K5: 45310
B7: Item | C7: Descrição | G7: Referência SINAPI | H7: UNID. | I7: QUANT. | J7: CUSTO UNITÁRIO (sem BDI) | K7: PREÇO COM BDI | L7: PREÇO TOTAL
B8: 1 | C8: SERVIÇOS PRELIMINARES
B9: 1.1 | C9: FORNECIMENTO E INSTALAÇÃO DE PLACA DE OBRA COM CHAPA GALVANIZADA E ESTRUTURA DE MADEIRA. AF_03/2022_PS | G9: 103689 | H9: M² | I9: 2 | J9: 316.94 | K9: =J9*$G$3 -> 388.98046 | L9: =I9*K9 -> 777.96092
B10: 1.2 | C10: LOCACAO CONVENCIONAL DE OBRA, UTILIZANDO GABARITO DE TÁBUAS CORRIDAS PONTA LETADAS A CADA 2,00M - 2 UTILIZAÇÕES. AF_10/2018 | G10: 99059 | H10: M² | I10: =22.97+22.97+9.5+9.5 -> 64.94 | J10: 66.42 | K10: =J10*$G$3 -> 81.517266 | L10: =I10*K10 -> 5293.7313
B11: TOTAL DO ITEM 1 = | L11: =SUM(L9:L10) -> 6071.6922
B12: 2 | C12: FUNDAÇÕES
B13: 2.1 | C13: SAPATAS
B14: 2.1.1 | C14: ESCAVAÇÃO MANUAL PARA BLOCO DE COROAMENTO OU SAPATA (INCLUINDO ESCAVAÇÃO PARA COLOCAÇÃO DE FÔRMAS). AF_06/2017 | G14: 96523 | H14: M³ | I14: =0.8*0.8*0.5*31 -> 9.92 | J14: 121.41 | K14: =J14*$G$3 -> 149.00649 | L14: =I14*K14 -> 1478.1444
B15: 2.1.2 | C15: TRANSPORTE COM CAMINHÃO BASCULANTE DE 10 M³, EM VIA URBANA PAVIMENTADA, DMT ATÉ 30 KM (UNIDADE: TXKM). AF_07/2020 | G15: 95878 | H15: M³ | I15: =I14 -> 9.92 | J15: 1.7 | K15: =J15*$G$3 -> 2.08641 | L15: =I15*K15 -> 20.697187
B16: 2.1.3 | C16: LASTRO COM MATERIAL GRANULAR, APLICADO EM BLOCOS DE COROAMENTO, ESPESSURADE *10 CM*. AF_08/2017 | G16: 96623 | H16: M³ | I16: =0.8*0.8*0.05*31 -> 0.992 | J16: 201.15 | K16: =J16*$G$3 -> 246.8714 | L16: =I16*K16 -> 244.89642
B17: 2.1.3 | C17: LASTRO DE CONCRETO MAGRO, APLICADO EM BLOCOS DE COROAMENTO OU SAPATAS, ESP ESSURA DE 5 CM. AF_08/2017 | G17: 96619 | H17: M² | I17: =0.8*0.8*0.05*31 -> 0.992 | J17: 34.56 | K17: =J17*$G$3 -> 42.415488 | L17: =I17*K17 -> 42.076164
B18: 2.1.4 | C18: FABRICAÇÃO, MONTAGEM E DESMONTAGEM DE FÔRMA PARA SAPATA, EM MADEIRA SERRADA, E=25 MM, 4 UTILIZAÇÕES. AF_06/2017 | G18: 96535 | H18: M² | I18: =(0.8*4)*0.3*31 -> 29.76 | J18: 180.67 | K18: =J18*$G$3 -> 221.73629 | L18: =I18*K18 -> 6598.872
B19: 2.1.5 | C19: ARMAÇÃO DE ESTRUTURAS DIVERSAS DE CONCRETO ARMADO, EXCETO VIGAS, PILARES, LAJES E FUNDAÇÕES, UTILIZANDO AÇO CA-50 DE 8,0 MM - MONTAGEM. AF_06/2022 | G19: 92917 | H19: KG | I19: 186 | J19: 13.84 | K19: =J19*$G$3 -> 16.985832 | L19: =I19*K19 -> 3159.3648
B20: 2.1.6 | C20: CONCRETAGEM DE BLOCOS DE COROAMENTO E VIGAS BALDRAMES, FCK 30 MPA, COM USO DE BOMBA LANÇAMENTO, ADENSAMENTO E ACABAMENTO. AF_06/2017 | G20: 96557 | H20: M³ | I20: =0.8*0.8*0.3*31 -> 5.952 | J20: 593.11 | K20: =J20*$G$3 -> 727.9239 | L20: =I20*K20 -> 4332.6031
B21: 2.1.7 | C21: REATERRO MANUAL DE VALAS, COM COMPACTADOR DE SOLOS DE PERCUSSÃO. AF_08/2023 | G21: 93382 | H21: M³ | I21: =I14*0.5 -> 4.96 | J21: 30.86 | K21: =J21*$G$3 -> 37.874478 | L21: =I21*K21 -> 187.85741
B22: TOTAL DO ITEM 2.1 = | L22: =SUM(L14:L21) -> 16064.511
B23: 2.2 | C23: VIGAS BALDRAME
B24: 2.2.1 | C24: ESCAVAÇÃO MANUAL PARA BLOCO DE COROAMENTO OU SAPATA (INCLUINDO ESCAVAÇÃO PARA COLOCAÇÃO DE FÔRMAS). AF_06/2017 | G24: 96523 | H24: M³ | I24: =132.88*0.25*0.3 -> 9.966 | J24: 121.41 | K24: =J24*$G$3 -> 149.00649 | L24: =I24*K24 -> 1484.9987
B25: 2.2.2 | C25: FABRICAÇÃO, MONTAGEM E DESMONTAGEM DE FÔRMA PARA VIGA BALDRAME, EM MADEIRA SERRADA, E=25 MM, 4 UTILIZAÇÕES. AF_06/2017 | G25: 96536 | H25: M² | I25: =132.88*0.6 -> 79.728 | J25: 90.79 | K25: =J25*$G$3 -> 111.42657 | L25: =I25*K25 -> 8883.8173
B26: 2.2.3 | C26: LASTRO DE CONCRETO MAGRO, APLICADO EM PISOS, LAJES SOBRE SOLO OU RADIERS, ESPESSURA DE 5 CM. AF_07/2016 | G26: 95241 | H26: M² | I26: =132.88*0.14*0.05 -> 0.93016 | J26: 32.93 | K26: =J26*$G$3 -> 40.414989 | L26: =I26*K26 -> 37.592406
B27: 2.2.4 | C27: ARMAÇÃO DE ESTRUTURAS DIVERSAS DE CONCRETO ARMADO, EXCETO VIGAS, PILARES, LAJES E FUNDAÇÕES, UTILIZANDO AÇO CA-60 DE 5,0 MM - MONTAGEM. AF_06/2022 | G27: 92915 | H27: KG | I27: 132 | J27: 17.97 | K27: =J27*$G$3 -> 22.054581 | L27: =I27*K27 -> 2911.2047
B28: 2.2.5 | C28: ARMAÇÃO DE ESTRUTURAS DIVERSAS DE CONCRETO ARMADO, EXCETO VIGAS, PILARES, LAJES E FUNDAÇÕES, UTILIZANDO AÇO CA-50 DE 8,0 MM - MONTAGEM. AF_06/2022 | G28: 92917 | H28: KG | I28: 124 | J28: 13.84 | K28: =J28*$G$3 -> 16.985832 | L28: =I28*K28 -> 2106.2432
B29: 2.2.6 | C29: ARMAÇÃO DE ESTRUTURAS DIVERSAS DE CONCRETO ARMADO, EXCETO VIGAS, PILARES, LAJES E FUNDAÇÕES, UTILIZANDO AÇO CA-50 DE 10,0 MM - MONTAGEM. AF_06/2022 | G29: 92919 | H29: KG | I29: 256 | J29: 11.81 | K29: =J29*$G$3 -> 14.494413 | L29: =I29*K29 -> 3710.5697
B30: 2.2.7 | C30: CONCRETAGEM DE SAPATAS, FCK 30 MPA, COM USO DE JERICA LANÇAMENTO, ADENSA MENTO E ACABAMENTO. AF_06/2017 | G30: 96556 | H30: M³ | I30: =132.88*0.14*0.3 -> 5.58096 | J30: 809.08 | K30: =J30*$G$3 -> 992.98388 | L30: =I30*K30 -> 5541.8033
B31: 2.2.8 | C31: IMPERMEABILIZAÇÃO DE SUPERFÍCIE COM EMULSÃO ASFÁLTICA, 2 DEMÃOS. AF_09/2023 | G31: 98557 | H31: M² | I31: =I25 -> 79.728 | J31: 43.79 | K31: =J31*$G$3 -> 53.743467 | L31: =I31*K31 -> 4284.8591
B32: 2.2.9 | C32: REATERRO MANUAL DE VALAS, COM COMPACTADOR DE SOLOS DE PERCUSSÃO. AF_08/2023 | G32: 93382 | H32: M³ | I32: =I24*0.5 -> 4.983 | J32: 30.86 | K32: =J32*$G$3 -> 37.874478 | L32: =I32*K32 -> 188.72852
B33: TOTAL DO ITEM 2.2 = | L33: =SUM(L24:L32) -> 29149.817
B34: TOTAL DO ITEM 2 = | L34: =L33+L22 -> 45214.328
B35: 3 | C35: SUPRA ESTRUTURA
B36: 3.1 | C36: PILARES
B37: 3.1.1 | C37: FABRICAÇÃO DE FÔRMA PARA PILARES E ESTRUTURAS SIMILARES, EM CHAPA DE MADEIRA COMPENSADA RESINADA, E = 17 MM. AF_09/2020 | G37: 92263 | H37: M² | I37: =(0.14+0.14+0.3+0.3)*3*31 -> 81.84 | J37: 154.13 | K37: =J37*$G$3 -> 189.16375 | L37: =K37*I37 -> 15481.161
B38: 3.1.2 | C38: ARMAÇÃO DE ESTRUTURAS DIVERSAS DE CONCRETO ARMADO, EXCETO VIGAS, PILARES, LAJES E FUNDAÇÕES, UTILIZANDO AÇO CA-50 DE 10,0 MM - MONTAGEM. AF_06/2022 | G38: 92919 | H38: KG | I38: 352 | J38: 11.81 | K38: =J38*$G$3 -> 14.494413 | L38: =I38*K38 -> 5102.0334
B39: 3.1.3 | C39: ARMAÇÃO DE ESTRUTURAS DIVERSAS DE CONCRETO ARMADO, EXCETO VIGAS, PILARES, LAJES E FUNDAÇÕES, UTILIZANDO AÇO CA-50 DE 6,3 MM - MONTAGEM. AF_06/2022 | G39: 92916 | H39: KG | I39: 25 | J39: 15.72 | K39: =J39*$G$3 -> 19.293156 | L39: =I39*K39 -> 482.3289
B40: 3.1.4 | C40: ARMAÇÃO DE ESTRUTURAS DIVERSAS DE CONCRETO ARMADO, EXCETO VIGAS, PILARES, LAJES E FUNDAÇÕES, UTILIZANDO AÇO CA-60 DE 5,0 MM - MONTAGEM. AF_06/2022 | G40: 92915 | H40: KG | I40: 143 | J40: 17.97 | K40: =J40*$G$3 -> 22.054581 | L40: =I40*K40 -> 3153.8051
B41: 3.1.5 | C41: CONCRETAGEM DE PILARES, FCK=25 MPA, COM USO DE JERICAS EM CREMALHEIRA - LANÇAMENTO, ADENSAMENTO E ACABAMENTO. AF_02/2022 | G41: 103688 | H41: M³ | I41: =0.14*0.3*3*31 -> 3.906 | J41: 778.48 | K41: =J41*$G$3 -> 955.4285 | L41: =K41*I41 -> 3731.9037
B42: TOTAL DO ITEM 3.1 = | L42: =SUM(L37:L41) -> 27951.232
B43: 3.2 | C43: VIGAS CINTA
B44: 3.2.1 | C44: FABRICAÇÃO DE FÔRMA PARA VIGAS, EM CHAPA DE MADEIRA COMPENSADA RESINADA, 17 MM. AF_09/2020 | G44: 92265 | H44: M² | I44: =132.88*0.8 -> 106.304 | J44: 113.88 | K44: =J44*$G$3 -> 139.76492 | L44: =I44*K44 -> 14857.57
B45: 3.2.2 | C45: ARMAÇÃO DE ESTRUTURAS DIVERSAS DE CONCRETO ARMADO, EXCETO VIGAS, PILARES, LAJES E FUNDAÇÕES, UTILIZANDO AÇO CA-60 DE 5,0 MM - MONTAGEM. AF_06/2022 | G45: 92915 | H45: KG | I45: 147 | J45: 17.97 | K45: =J45*$G$3 -> 22.054581 | L45: =I45*K45 -> 3242.0234
B46: 3.2.3 | C46: ARMAÇÃO DE ESTRUTURAS DIVERSAS DE CONCRETO ARMADO, EXCETO VIGAS, PILARES, LAJES E FUNDAÇÕES, UTILIZANDO AÇO CA-50 DE 8,0 MM - MONTAGEM. AF_06/2022 | G46: 92917 | H46: KG | I46: 135 | J46: 13.84 | K46: =J46*$G$3 -> 16.985832 | L46: =I46*K46 -> 2293.0873
B47: 3.2.4 | C47: ARMAÇÃO DE ESTRUTURAS DIVERSAS DE CONCRETO ARMADO, EXCETO VIGAS, PILARES, LAJES E FUNDAÇÕES, UTILIZANDO AÇO CA-50 DE 10,0 MM - MONTAGEM. AF_06/2022 | G47: 92919 | H47: KG | I47: 276 | J47: 11.81 | K47: =J47*$G$3 -> 14.494413 | L47: =I47*K47 -> 4000.458
B48: 3.2.5 | C48: CONCRETAGEM DE VIGAS E LAJES, FCK=25 MPA, PARA LAJES MACIÇAS OU NERVURADAS COM USO DE BOMBA - LANÇAMENTO, ADENSAMENTO E ACABAMENTO. AF_02/2022_PS | G48: 103675 | H48: M³ | I48: =132.88*0.14*0.4 -> 7.44128 | J48: 579.27 | K48: =J48*$G$3 -> 710.93807 | L48: =I48*K48 -> 5290.2892
B49: TOTAL DO ITEM 3.2 = | L49: =SUM(L44:L48) -> 29683.428
B50: 3.3 | C50: LAJE
B51: 3.3.1 | C51: LAJE PRÉ-MOLDADA UNIDIRECIONAL, BIAPOIADA, PARA FORRO, ENCHIMENTO EM CERÂMICA, VIGOTA CONVENCIONAL, ALTURA TOTAL DA LAJE (ENCHIMENTO+CAPA) = (8+3). AF_11/2020_PA | G51: 101964 | H51: M² | I51: =21.57*8.1 -> 174.717 | J51: 172.47 | K51: =J51*$G$3 -> 211.67243 | L51: =I51*K51 -> 36982.772
B52: 3.3.2 | C52: TELA DE ACO SOLDADA NERVURADA, CA-60, Q-159, (2,52 KG/M2), DIAMETRO DO FIO= 4,5 MM, LARGURA = 2,45 M, ESPACAMENTO DA MALHA = 10 X 10 CM | G52: 42406 | H52: M² | I52: =I51 -> 174.717 | J52: 21.22 | K52: =J52*$G$3 -> 26.043306 | L52: =I52*K52 -> 4550.2083
B53: 3.3.3 | C53: ARMAÇÃO DE ESTRUTURAS DIVERSAS DE CONCRETO ARMADO, EXCETO VIGAS, PILARES, LAJES E FUNDAÇÕES, UTILIZANDO AÇO CA-50 DE 6,3 MM - MONTAGEM. AF_06/2022 | G53: 92916 | H53: KG | I53: 187 | J53: 15.72 | K53: =J53*$G$3 -> 19.293156 | L53: =I53*K53 -> 3607.8202
B54: 3.3.4 | C54: CONCRETAGEM DE VIGAS E LAJES, FCK=25 MPA, PARA LAJES MACIÇAS OU NERVURADAS COM USO DE BOMBA - LANÇAMENTO, ADENSAMENTO E ACABAMENTO. AF_02/2022_PS | G54: 103675 | H54: M³ | I54: =I51*0.08 -> 13.97736 | J54: 579.27 | K54: =J54*$G$3 -> 710.93807 | L54: =I54*K54 -> 9937.0374
B55: TOTAL DO ITEM 3.3 = | L55: =SUM(L51:L54) -> 55077.838
B56: TOTAL DO ITEM 3 = | L56: =L55+L49+L42 -> 112712.5
B57: 4 | C57: VEDAÇÕES
B58: 4.1.1 | C58: ALVENARIA DE VEDAÇÃO DE BLOCOS CERÂMICOS FURADOS NA HORIZONTAL DE 14X9X19 CM (ESPESSURA 14 CM, BLOCO DEITADO) E ARGAMASSA DE ASSENTAMENTO COM PREPARO EM BETONEIRA. AF_12/2021 | G58: 103334 | H58: M² | I58: =437.19-54.13 -> 383.06 | J58: 166.4 | K58: =J58*$G$3 -> 204.22272 | L58: =I58*K58 -> 78229.555
B59: 4.1.3 | C59: VERGA MOLDADA IN LOCO EM CONCRETO PARA JANELAS COM ATE DE 1,5 M DE VÃO. AF_03/2016 | G59: 93187 | H59: M | I59: =21+1.6+2+29.4+5.6 -> 59.6 | J59: 113.29 | K59: =J59*$G$3 -> 139.04082 | L59: =I59*K59 -> 8286.8327
B60: 4.1.5 | C60: CONTRAVERGA MOLDADA IN LOCO EM CONCRETO PARA VÃOS DE ATE 1,5 M DE COMPRIMENTO. AF_03/2016 | G60: 93197 | H60: M | I60: =29.4+5.6 -> 35 | J60: 109.19 | K60: =J60*$G$3 -> 134.00889 | L60: =I60*K60 -> 4690.311
B61: TOTAL DO ITEM 4 = | L61: =SUM(L58:L60) -> 91206.699
B62: 5 | C62: COBERTURA
B63: 5.1 | C63: INSTALAÇÃO DE TESOURA (INTEIRA OU MEIA), BIAPOIADA, EM MADEIRA NÃO APARELHADA, PARA VÃOS MAIORES OU IGUAIS A 6,0 M E MENORES QUE 8,0 M, INCLUSO IÇAMENTO. AF_07/2019 | G63: 92260 | H63: UNID. | I63: 28 | J63: 608.64 | K63: =J63*$G$3 -> 746.98387 | L63: =I63*K63 -> 20915.548
B64: 5.2 | C64: TRAMA DE MADEIRA COMPOSTA POR TERÇAS PARA TELHADOS DE ATÉ 2 ÁGUAS PARA TELHA ONDULADA DE FIBROCIMENTO, METÁLICA, PLÁSTICA OU TERMOACÚSTICA, INCLUSO TRANSPORTE VERTICAL. AF_07/2019 | G64: 92543 | H64: M² | I64: =9.5*22.97 -> 218.215 | J64: 26.37 | K64: =J64*$G$3 -> 32.363901 | L64: =I64*K64 -> 7062.2887
B65: 5.3 | C65: TELHAMENTO COM TELHA METÁLICA TERMOACÚSTICA E = 30 MM, COM ATÉ 2 ÁGUAS, INCLUSO IÇAMENTO. AF_07/2019 (LANTERNA) | G65: 94216 | H65: M² | I65: =I64 -> 218.215 | J65: 191 | K65: =J65*$G$3 -> 234.4143 | L65: =I65*K65 -> 51152.716
B66: 5.4 | C66: CALHA EM CHAPA DE AÇO GALVANIZADO NÚMERO 24, DESENVOLVIMENTO DE 100 CM, INCLUSO TRANSPORTE VERTICAL. AF_07/2019 | G66: 94229 | H66: M | I66: =22.97+22.97 -> 45.94 | J66: 172.48 | K66: =J66*$G$3 -> 211.6847 | L66: =I66*K66 -> 9724.7953
B67: 5.5 | C67: FORRO EM RÉGUAS DE PVC, FRISADO, PARA AMBIENTES RESIDENCIAIS, INCLUSIVE ESTRUTURA UNIDIRECIONAL DE FIXAÇÃO. AF_08/2023_PS (FORRO DE ABAS) | G67: 96111 | H67: M² | I67: =(22.97+22.97+9.5+9.5)*0.7 -> 45.458 | J67: 68.4 | K67: =J67*$G$3 -> 83.94732 | L67: =I67*K67 -> 3816.0773
B68: 5.6 | C68: ACABAMENTOS PARA FORRO (RODA-FORRO EM PERFIL METÁLICO E PLÁSTICO). AF_08/2023 (FORRO DE ABAS) | G68: 96121 | H68: M | I68: =(22.97+22.97+9.5+9.5) -> 64.94 | J68: 12.72 | K68: =J68*$G$3 -> 15.611256 | L68: =I68*K68 -> 1013.795
B69: 5.7 | C69: TABUA APARELHADA *2,5 X 15* CM, EM MACARANDUBA/MASSARANDUBA, ANGELIM OU EQUIVALENTE DA REGIAO (ESPELHOS DAS ABAS) | G69: 3993 | H69: M² | I69: =I68 -> 64.94 | J69: 134.18 | K69: =J69*$G$3 -> 164.67911 | L69: =I69*K69 -> 10694.262
B70: 5.8 | C70: COMPOSIÇÃO PARAMÉTRICA DE INSTALAÇÃO DE TUBOS DE PVC, SÉRIE R, PARA COLETA DE ÁGUA PLUVIAL EM VARANDA, INSTALADO EM RAMAL DE ENCAMINHAMENTO E CONDUTOR VERTICAL, COM CONEXÕES, RALOS, CORTES E FIXAÇÕES, PARA PRÉDIO. AF_05/2023 | G70: 104674 | H70: UNID. | I70: 6 | J70: 247.05 | K70: =J70*$G$3 -> 303.20447 | L70: =I70*K70 -> 1819.2268
B71: TOTAL DO ITEM 5 = | L71: =SUM(L63:L70) -> 106198.71
B72: 6 | C72: PISOS INTERNOS
B73: 6.1 | C73: REATERRO MANUAL DE VALAS, COM COMPACTADOR DE SOLOS DE PERCUSSÃO. AF_08/2023 | G73: 93382 | H73: M³ | I73: =174.71*0.1 -> 17.471 | J73: 30.86 | K73: =J73*$G$3 -> 37.874478 | L73: =I73*K73 -> 661.70501
B74: 6.2 | C74: LASTRO COM MATERIAL GRANULAR, APLICADO EM PISOS OU LAJES SOBRE SOLO, ESPESSURA DE *5 CM*. AF_08/2017 | G74: 96622 | H74: M³ | I74: =0.05*174.71 -> 8.7355 | J74: 127.74 | K74: =J74*$G$3 -> 156.7753 | L74: =I74*K74 -> 1369.5107
B75: 6.3 | C75: APLICAÇÃO DE LONA PLÁSTICA PARA EXECUÇÃO DE PAVIMENTOS DE CONCRETO. AF_04/2022 | G75: 97113 | H75: M² | I75: =174.01 -> 174.01 | J75: 2.35 | K75: =J75*$G$3 -> 2.884155 | L75: =I75*K75 -> 501.87181
B76: 6.4 | C76: ARMAÇÃO PARA EXECUÇÃO DE RADIER, PISO DE CONCRETO OU LAJE SOBRE SOLO, COM USO DE TELA Q-138. AF_09/2021 | G76: 97090 | H76: KG | I76: =174.01*2.18 -> 379.3418 | J76: 14.67 | K76: =J76*$G$3 -> 18.004491 | L76: =I76*K76 -> 6829.856
B77: 6.5 | C77: PISO EM CONCRETO 20 MPA PREPARO MECÂNICO, ESPESSURA 7CM. AF_09/2020 | G77: 101747 | H77: M² | I77: =174.01*0.05 -> 8.7005 | J77: 77.22 | K77: =J77*$G$3 -> 94.772106 | L77: =I77*K77 -> 824.56471
B78: 6.6 | C78: REVESTIMENTO CERÂMICO PARA PISO COM PLACAS TIPO ESMALTADA EXTRA DE DIMENSÕES 35X35 CM APLICADA EM AMBIENTES. AF_02/2023_PE | G78: 87247 | H78: M² | I78: 153.17 | J78: 61.87 | K78: =J78*$G$3 -> 75.933051 | L78: =I78*K78 -> 11630.665
B79: 6.7 | C79: RODAPÉ CERÂMICO DE 7CM DE ALTURA COM PLACAS TIPO ESMALTADA EXTRA DE DIMENSÕES 35X35CM. AF_02/2023 | G79: 88648 | H79: M | I79: 191.81 | J79: 7.97 | K79: =J79*$G$3 -> 9.781581 | L79: =I79*K79 -> 1876.2051
B80: 6.8 | C80: LIMPEZA DE PISO CERÂMICO OU PORCELANATO UTILIZANDO DETERGENTE NEUTRO E ESCOVAÇÃO MANUAL. AF_04/2019 | G80: 99804 | H80: m² | I80: =I78 -> 153.17 | J80: 6.74 | K80: =J80*$G$3 -> 8.272002 | L80: =I80*K80 -> 1267.0225
B81: TOTAL DO ITEM 6 = | L81: =SUM(L73:L80) -> 24961.401
B82: 7 | C82: REVESTIMENTOS EM PAREDES (ARGAMSSADOS E CERÂMICOS)
B83: 7.1 | C83: IMPERMEABILIZAÇÃO DE SUPERFÍCIE COM ARGAMASSA POLIMÉRICA / MEMBRANA ACRÍLICA, 3 DEMÃOS. AF_09/2023 (IMPERMEABILIZAÇÃO DE AREAS UMIDAS ATE H: 1,5 M | G83: 98555 | H83: M² | I83: 79.5 | J83: 36.73 | K83: =J83*$G$3 -> 45.078729 | L83: =I83*K83 -> 3583.759
B84: 7.2 | C84: CHAPISCO APLICADO EM ALVENARIAS E ESTRUTURAS DE CONCRETO INTERNAS, COM COLHER DE PEDREIRO. ARGAMASSA TRAÇO 1:3 COM PREPARO EM BETONEIRA 400L. AF_10/2022 | G84: 87879 | H84: M² | I84: =I58*2 -> 766.12 | J84: 5.01 | K84: =J84*$G$3 -> 6.148773 | L84: =I84*K84 -> 4710.698
B85: 7.3 | C85: MASSA ÚNICA, PARA RECEBIMENTO DE PINTURA, EM ARGAMASSA TRAÇO 1:2:8, PREPARO MANUAL, APLICADA MANUALMENTE EM FACES INTERNAS DE PAREDES, ESPESSURA DE 20MM, COM EXECUÇÃO DE TALISCAS. AF_06/2014 | G85: 87530 | H85: M² | I85: =I84 -> 766.12 | J85: 47.33 | K85: =J85*$G$3 -> 58.088109 | L85: =I85*K85 -> 44502.462
B86: 7.4 | C86: REVESTIMENTO CERÂMICO PARA PAREDES INTERNAS COM PLACAS TIPO ESMALTADA EXTRA DE DIMENSÕES 25X35 CM APLICADAS NA ALTURA INTEIRA DAS PAREDES. AF_02/2023_PE | G86: 87269 | H86: M² | I86: =53*2.9 -> 153.7 | J86: 82.87 | K86: =J86*$G$3 -> 101.70635 | L86: =I86*K86 -> 15632.266
B87: 7.5 | C87: LIMPEZA DE PISO CERÂMICO OU PORCELANATO UTILIZANDO DETERGENTE NEUTRO E ESCOVAÇÃO MANUAL. AF_04/2019 | G87: 99804 | H87: M² | I87: =I86 -> 153.7 | J87: 6.74 | K87: =J87*$G$3 -> 8.272002 | L87: =I87*K87 -> 1271.4067
B88: TOTAL DO ITEM 7 = | L88: =SUM(L83:L87) -> 69700.592
B89: 8 | C89: PINTURA
B90: 8.1 | C90: APLICAÇÃO MANUAL DE FUNDO SELADOR ACRÍLICO EM PANOS COM PRESENÇA DE VÃOS DE EDIFÍCIOS DE MÚLTIPLOS PAVIMENTOS. AF_06/2014 | G90: 88411 | H90: M² | I90: =I85-I86 -> 612.42 | J90: 3.39 | K90: =J90*$G$3 -> 4.160547 | L90: =I90*K90 -> 2548.0022
B91: 8.2 | C91: APLICAÇÃO MANUAL DE MASSA ACRÍLICA EM PANOS DE FACHADA COM PRESENÇA DE VÃOS, DE EDIFÍCIOS DE MÚLTIPLOS PAVIMENTOS, DUAS DEMÃOS. AF_05/2017 (EXTERNA) | G91: 96131 | H91: M² | I91: 220.49 | J91: 35.42 | K91: =J91*$G$3 -> 43.470966 | L91: =I91*K91 -> 9584.9133
B92: 8.3 | C92: EMASSAMENTO COM MASSA LÁTEX, APLICAÇÃO EM PAREDE, UMA DEMÃO, LIXAMENTO MANUAL. AF_04/2023 (INTERNA) | G92: 88495 | H92: M² | I92: =I90-I91 -> 391.93 | J92: 14.16 | K92: =J92*$G$3 -> 17.378568 | L92: =I92*K92 -> 6811.1822
B93: 8.4 | C93: PINTURA LÁTEX ACRÍLICA PREMIUM, APLICAÇÃO MANUAL EM PAREDES, DUAS DEMÃOS. AF_04/2023 | G93: 88489 | H93: M² | I93: =I90 -> 612.42 | J93: 13.65 | K93: =J93*$G$3 -> 16.752645 | L93: =I93*K93 -> 10259.655
B94: 8.5 | C94: PINTURA TINTA DE ACABAMENTO (PIGMENTADA) A ÓLEO EM MADEIRA, 2 DEMÃOS. AF_01/2021 (PINTURA DE PORTAS, MARCO E ESPELHOS DAS ABAS) | G94: 102217 | H94: M² | I94: =11.85+17.85+52.92+1.3+1.4+16.2+2.8 -> 104.32 | J94: 19.65 | K94: =J94*$G$3 -> 24.116445 | L94: =I94*K94 -> 2515.8275
B95: TOTAL DO ITEM 8 = | L95: =SUM(L90:L94) -> 31719.58
B96: 9 | C96: FORROS
B97: 9.1 | C97: FORRO EM RÉGUAS DE PVC, FRISADO, PARA AMBIENTES RESIDENCIAIS, INCLUSIVE ESTRUTURA UNIDIRECIONAL DE FIXAÇÃO. AF_08/2023_PS | G97: 96111 | H97: M² | I97: =I78 -> 153.17 | J97: 68.4 | K97: =J97*$G$3 -> 83.94732 | L97: =I97*K97 -> 12858.211
B98: 9.2 | C98: ACABAMENTOS PARA FORRO (RODA-FORRO EM PERFIL METÁLICO E PLÁSTICO). AF_08/2023 | G98: 96121 | H98: M | I98: 191.81 | J98: 12.72 | K98: =J98*$G$3 -> 15.611256 | L98: =I98*K98 -> 2994.395
B99: TOTAL DO ITEM 9 = | L99: =SUM(L97:L98) -> 15852.606
B100: 10 | C100: INSTALAÇÕES ELÉTRICAS
B101: 10.1 | C101: QUADRO DE DISTRIBUIÇÃO DE ENERGIA EM CHAPA DE AÇO GALVANIZADO, DE EMBUTIR, COM BARRAMENTO TRIFÁSICO, PARA 40 DISJUNTORES DIN 100A - FORNECIMENTO E INSTALAÇÃO. AF_10/2020 | G101: 101881 | H101: UNID. | I101: 1 | J101: 898.17 | K101: =J101*$G$3 -> 1102.324 | L101: =I101*K101 -> 1102.324
B102: 10.2 | C102: DISJUNTOR TRIPOLAR TIPO DIN, CORRENTE NOMINAL DE 50A - FORNECIMENTO E INSTALAÇÃO. AF_10/2020 | G102: 93673 | H102: UNID. | I102: 5 | J102: 109.45 | K102: =J102*$G$3 -> 134.32799 | L102: =I102*K102 -> 671.63993
...

Sheet Cronograma
D1: CRONOGRAMA FÍSICO FINANCEIRO
D3: OBRA/BLOCO: | E3: COMPLEXO ESCOLA ESPECIAL / BLOCO 01 (SEDE ESCOLA ESPECIAL)
D4: LOCAL: | E4: DISTRITO DE TRIGOLÂNDIA, MUNICÍPIO DE PIÊN-PR
D5: ÁREA: | E5: =Orçamento!E5 -> 174,72 M²
B7: Item | C7: Descrição | G7: VALOR DOS SERVIÇOS (R$) | H7: PESO (%) | I7: SERVIÇOS A EXECUTAR (%)
I8: MÊS 01 | K8: MÊS 02 | M8: MÊS 03 | O8: MÊS 04 | Q8: MÊS 05 | S8: MÊS 06
I9: No mês | J9: Acum. | K9: No mês | L9: Acum. | M9: No mês | N9: Acum. | O9: No mês | P9: Acum. | Q9: No mês | R9: Acum. | S9: No mês | T9: Acum.
B10: 1 | C10: =Orçamento!C8 -> SERVIÇOS PRELIMINARES | G10: =Orçamento!L11 -> 6071.6922 | H10: =G10/$G$28 -> 0.0083875588 | I10: 1 | J10: =I10*G10 -> 6071.6922
B11: 2 | C11: =Orçamento!C12 -> FUNDAÇÕES | G11: =Orçamento!L34 -> 45214.328 | H11: =G11/$G$28 -> 0.062459991 | I11: 1 | J11: =I11*G11 -> 45214.328
B12: 3 | C12: =Orçamento!C35 -> SUPRA ESTRUTURA | G12: =Orçamento!L56 -> 112712.5 | H12: =G12/G28 -> 0.15570333 | K12: 0.5 | L12: =K12*G12 -> 56356.249 | M12: 0.5 | N12: =M12*G12 -> 56356.249
B13: 4 | C13: =Orçamento!C57 -> VEDAÇÕES | G13: =Orçamento!L61 -> 91206.699 | H13: =G13/$G$28 -> 0.12599479 | K13: 1 | L13: =K13*G13 -> 91206.699
B14: 5 | C14: =Orçamento!C62 -> COBERTURA | G14: =Orçamento!L71 -> 106198.71 | H14: =G14/$G$28 -> 0.14670505 | M14: 1 | N14: =M14*G14 -> 106198.71
B15: 6 | C15: =Orçamento!C72 -> PISOS INTERNOS | G15: =Orçamento!L81 -> 24961.401 | H15: =G15/$G$28 -> 0.034482186 | O15: 0.6 | P15: =O15*G15 -> 14976.841 | Q15: 0.4 | R15: =Q15*G15 -> 9984.5605
B16: 7 | C16: =Orçamento!C82 -> REVESTIMENTOS EM PAREDES (ARGAMSSADOS E CERÂMICOS) | G16: =Orçamento!L88 -> 69700.592 | H16: =G16/$G$28 -> 0.096285812 | O16: 0.7 | P16: =O16*G16 -> 48790.414 | Q16: 0.3 | R16: =Q16*G16 -> 20910.178
B17: 8 | C17: =Orçamento!C89 -> PINTURA | G17: =Orçamento!L95 -> 31719.58 | H17: =G17/$G$28 -> 0.043818072 | Q17: 0.8 | R17: =Q17*G17 -> 25375.664 | S17: 0.2 | T17: =S17*G17 -> 6343.916
B18: 9 | C18: =Orçamento!C96 -> FORROS | G18: =Orçamento!L99 -> 15852.606 | H18: =G18/$G$28 -> 0.021899112 | Q18: 1 | R18: =Q18*G18 -> 15852.606
B19: 10 | C19: =Orçamento!C100 -> INSTALAÇÕES ELÉTRICAS | G19: =Orçamento!L117 -> 42550.233 | H19: =G19/$G$28 -> 0.058779756 | Q19: 0.5 | R19: =Q19*G19 -> 21275.117 | S19: 0.5 | T19: =S19*G19 -> 21275.117
B20: 11 | C20: =Orçamento!C118 -> INSTALAÇÕES HIDRÁULICAS | G20: =Orçamento!L129 -> 12567.557 | H20: =G20/$G$28 -> 0.017361078 | O20: 0.9 | P20: =O20*G20 -> 11310.801 | Q20: 0.1 | R20: =Q20*G20 -> 1256.7557
B21: 12 | C21: =Orçamento!C130 -> INSTALAÇÕES SANITÁRIAS | G21: =Orçamento!L134 -> 13380.331 | H21: =G21/$G$28 -> 0.018483861 | O21: 0.9 | P21: =O21*G21 -> 12042.298 | Q21: 0.1 | R21: =Q21*G21 -> 1338.0331
B22: 13 | C22: =Orçamento!C135 -> ESQUADRIAS | G22: =Orçamento!L144 -> 71797.448 | H22: =G22/$G$28 -> 0.099182451 | Q22: 1 | R22: =Q22*G22 -> 71797.448
B23: 14 | C23: =Orçamento!C145 -> LOUÇAS, ACESSÓRIOS E METAIS | G23: =Orçamento!L155 -> 9688.4289 | H23: =G23/$G$28 -> 0.013383792 | S23: 1 | T23: =S23*G23 -> 9688.4289
B24: 15 | C24: =Orçamento!C156 -> ÁREA EXTERNA | G24: =Orçamento!L181 -> 53831.493 | H24: =G24/$G$28 -> 0.074363917 | S24: 1 | T24: =S24*G24 -> 53831.493
B25: 16 | C25: =Orçamento!C182 -> ACESSIBILIDADE | G25: =Orçamento!L187 -> 14445.868 | H25: =G25/$G$28 -> 0.019955816 | Q25: 1 | R25: =Q25*G25 -> 14445.868
B26: 17 | C26: =Orçamento!C188 -> INSTALAÇÕES DO SISTEMA PREVENTIVO CONTRA INCÊNDIO | G26: =Orçamento!L193 -> 1476.8715 | H26: =G26/$G$28 -> 0.0020401802 | S26: 1 | T26: =S26*G26 -> 1476.8715
B27: 18 | C27: =Orçamento!C194 -> LIMPEZA FINAL | G27: =Orçamento!L196 -> 516.31235 | H27: =G27/$G$28 -> 0.00071324435 | S27: 1 | T27: =S27*G27 -> 516.31235
B28: TOTAL: | G28: =SUM(G10:G27) -> 723892.65 | H28: =SUM(H10:H27) -> 1
B29: TOTAL SIMPLES (R$): | I29: =SUM(J10:J27) -> 51286.021 | K29: =SUM(L10:L27) -> 147562.95 | M29: =SUM(N10:N27) -> 162554.96 | O29: =SUM(P10:P27) -> 87120.354 | Q29: =SUM(R10:R27) -> 182236.23 | S29: =SUM(T10:T27) -> 93132.138
B30: TOTAL SIMPLES (%): | I30: =I29/G28 -> 0.07084755 | K30: =K29/G28 -> 0.20384645 | M30: =M29/G28 -> 0.22455672 | O30: =O29/G28 -> 0.12034983 | Q30: =Q29/G28 -> 0.25174483 | S30: =S29/G28 -> 0.12865463
B31: TOTAL ACUMULADO (R$): | I31: =I29 -> 51286.021 | K31: =I29+K29 -> 198848.97 | M31: =K31+M29 -> 361403.93 | O31: =M31+O29 -> 448524.28 | Q31: =O31+Q29 -> 630760.51 | S31: =Q31+S29 -> 723892.65
B32: TOTAL ACUMULADO (%): | I32: =I30 -> 0.07084755 | K32: =I30+K30 -> 0.274694 | M32: =K32+M30 -> 0.49925072 | O32: =M32+O30 -> 0.61960055 | Q32: =O32+Q30 -> 0.87134537 | S32: =Q32+S30 -> 1
B34: Guatambú/SC, 26 de janeiro de 2024
F37: _____________________________________________________ | K37: _____________________________________________________
F38: Responsável Técnico(a): | K38: Proprietário:
F39: ENG. ANDRÉIA FÁTIMA TRICHÊS | K39: PREFEITURA MUNICIPAL DE PIÊN/PR
F40: TR Construtora e Engenharia Ltda | K40: CNPJ: 76.002.666/0001-40
F41: CREA-SC 154766-9

Sheet COMPOSIÇÕES 
D1: PLANILHA DE COMPOSIÇÕES
D3: OBRA/BLOCO: | E3: COMPLEXO ESCOLA ESPECIAL / BLOCO 01 (SDE ESCOLA ESPECIAL) | G3: 1.2273 | J3: BDI: | K3: 0.2273
D4: LOCAL: | E4: DISTRITO DE TRIGOLÂNDIA, MUNICÍPIO DE PIÊN-PR | J4: REFERÊNCIA: | K4: SINAPI (Não Desonerado)
D5: ÁREA: | E5: 174,72 M² | J5: DATA BASE: | K5: 45292
B7: Item | C7: Descrição da Composição | G7: Referência SINAPI | H7: UNID. | I7: QUANT. | J7: CUSTO UNITÁRIO (sem BDI) | K7: PREÇO COM BDI | L7: PREÇO TOTAL
B8: 1 | C8: PILARES PRÉ FABRICADOS
B9: 1.1 | C9: MONTAGEM E DESMONTAGEM DE FÔRMA DE PILARES RETANGULARES E ESTRUTURAS SIMILARES, PÉ-DIREITO SIMPLES, EM CHAPA DE MADEIRA COMPENSADA RESINADA, 2 UTILIZAÇÕES. AF_09/2020 | G9: 92415 | H9: M² | I9: 15.73 | J9: 140.67 | K9: =J9*$G$3 -> 172.64429 | L9: =K9*I9 -> 2715.6947
B10: 1.2 | C10: ARMAÇÃO DE ESTRUTURAS DIVERSAS DE CONCRETO ARMADO, EXCETO VIGAS, PILARES, LAJES E FUNDAÇÕES, UTILIZANDO AÇO CA-60 DE 5,0 MM - MONTAGEM. AF_06/2022 | G10: 92915 | H10: KG | I10: 20 | J10: 17.97 | K10: =J10*$G$3 -> 22.054581 | L10: =K10*I10 -> 441.09162
B11: 1.4 | C11: ARMAÇÃO DE ESTRUTURAS DIVERSAS DE CONCRETO ARMADO, EXCETO VIGAS, PILARES, LAJES E FUNDAÇÕES, UTILIZANDO AÇO CA-50 DE 10,0 MM - MONTAGEM. AF_06/2022 | G11: 92919 | H11: KG | I11: 20 | J11: 11.81 | K11: =J11*$G$3 -> 14.494413 | L11: =I11*K11 -> 289.88826
B12: 1.5 | C12: ARMAÇÃO DE ESTRUTURAS DIVERSAS DE CONCRETO ARMADO, EXCETO VIGAS, PILARES, LAJES E FUNDAÇÕES, UTILIZANDO AÇO CA-50 DE 12,5 MM - MONTAGEM. AF_06/2022 | G12: 92921 | H12: KG | I12: 50 | J12: 9.61 | K12: =J12*$G$3 -> 11.794353 | L12: =I12*K12 -> 589.71765
B13: 1.6 | C13: CONCRETAGEM DE PILARES, FCK=25 MPA, COM USO DE JERICAS EM CREMALHEIRA - LANÇAMENTO, ADENSAMENTO E ACABAMENTO. AF_02/2022 | G13: 103688 | H13: M³ | I13: 1 | J13: 778.48 | K13: =J13*$G$3 -> 955.4285 | L13: =I13*K13 -> 955.4285
B14: 1.7 | C14: AJUDANTE DE ESTRUTURA METÁLICA COM ENCARGOS COMPLEMENTARES | G14: 88240 | H14: H | I14: 1 | J14: 27.17 | K14: =J14*$G$3 -> 33.345741 | L14: =I14*K14 -> 33.345741
B15: 1.8 | C15: MONTADOR DE ESTRUTURA METÁLICA COM ENCARGOS COMPLEMENTARES | G15: 88278 | H15: H | I15: 1 | J15: 30.19 | K15: =J15*$G$3 -> 37.052187 | L15: =I15*K15 -> 37.052187
B16: 1.9 | C16: GUINDASTE HIDRÁULICO AUTOPROPELIDO, COM LANÇA TELESCÓPICA 40 M, CAPACIDADE MÁXIMA 60 T, POTÊNCIA 260 KW - CHP DIURNO. AF_03/2016 | G16: 93287 | H16: H | I16: 0.5 | J16: 352.24 | K16: =J16*$G$3 -> 432.30415 | L16: =I16*K16 -> 216.15208
B17: 1.10 | C17: GUINDASTE HIDRÁULICO AUTOPROPELIDO, COM LANÇA TELESCÓPICA 40 M, CAPACIDADE MÁXIMA 60 T, POTÊNCIA 260 KW - CHI DIURNO. AF_03/2016 | G17: 93288 | H17: CR | I17: 0.25 | J17: 186.66 | K17: =J17*$G$3 -> 229.08782 | L17: =I17*K17 -> 57.271954
B18: TOTAL DA COMPOSIÇÃO 1 = | L18: =SUM(L9:L17) -> 5335.6427
B19: 2 | C19: PORTAS P 01
B20: 2.1 | C20: TABUA APARELHADA *2,5 X 15* CM, EM MACARANDUBA/MASSARANDUBA, ANGELIM OU EQUIVALENTE DA REGIAO (FOLHA DA PORTA) | G20: 3993 | H20: M² | I20: =1.5*1.4 -> 2.1 | J20: 134.18 | K20: =J20*$G$3 -> 164.67911 | L20: =I20*K20 -> 345.82614
B21: 2.2 | C21: PREGO DE ACO POLIDO COM CABECA 17 X 27 (2 1/2 X 11) | G21: 5069 | H21: KG | I21: =70*0.004 -> 0.28 | J21: 15.55 | K21: =J21*$G$3 -> 19.084515 | L21: =I21*K21 -> 5.3436642
B22: 2.3 | C22: CAIBRO APARELHADO *7,5 X 7,5* CM, EM MACARANDUBA/MASSARANDUBA, ANGELIM OU EQUIVALENTE DA REGIAO (FOLHA DA PORTA) | G22: 20209 | H22: M | I22: =1.5+1.5+1.4+1.4+2 -> 7.8 | J22: 29.98 | K22: =J22*$G$3 -> 36.794454 | L22: =I22*K22 -> 286.99674
B23: 2.4 | C23: AJUDANTE DE CARPINTEIRO COM ENCARGOS COMPLEMENTARES | G23: 88239 | H23: H | I23: 2 | J23: 28.29 | K23: =J23*$G$3 -> 34.720317 | L23: =I23*K23 -> 69.440634
B24: 2.5 | C24: CARPINTEIRO DE FORMAS COM ENCARGOS COMPLEMENTARES | G24: 88262 | H24: H | I24: 2 | J24: 34.31 | K24: =J24*$G$3 -> 42.108663 | L24: =I24*K24 -> 84.217326
B25: 2.6 | C25: SERRA CIRCULAR DE BANCADA COM MOTOR ELÉTRICO POTÊNCIA DE 5HP, COM COIFA PARA DISCO 10" - CHP DIURNO. AF_08/2015 | G25: 91692 | H25: H | I25: 0.1 | J25: 34.01 | K25: =J25*$G$3 -> 41.740473 | L25: =I25*K25 -> 4.1740473
B26: 2.7 | C26: GUARNICAO / ALIZAR / VISTA LISA EM MADEIRA MACICA, PARA PORTA , E = *1* COM, L = *5* CM, CEDRINHO / ANGELIM COMERCIAL / TAURI/ CURUPIXA / PEROBA / C UMARU OU EQUIVALENTE DA REGIAO (VISTAS) | G26: 20017 | H26: M | I26: =(1.5+1.5+1.4+1.4)*2 -> 11.6 | J26: 10.18 | K26: =J26*$G$3 -> 12.493914 | L26: =I26*K26 -> 144.9294
B27: 2.8 | C27: FECHO DE EMBUTIR TIPO UNHA 40CM. AF_12/2019 (FECHADURA) | G27: 100708 | H27: UNID. | I27: 1 | J27: 193.88 | K27: =J27*$G$3 -> 237.94892 | L27: =I27*K27 -> 237.94892
B28: 2.9 | C28: CANTONEIRA ACO ABAS IGUAIS (QUALQUER BITOLA), ESPESSURA ENTRE 1/8" E 1/4" (ESTRUTURA PARA PORTA DE CORRER) | G28: 4777 | H28: KG | I28: =1.52*6 -> 9.12 | J28: 7.36 | K28: =J28*$G$3 -> 9.032928 | L28: =I28*K28 -> 82.380303
B29: 2.10 | C29: BUCHA DE NYLON SEM ABA S10, COM PARAFUSO DE 6,10 X 65 MM EM ACO ZINCADO COM ROSCA SOBERBA, CABECA CHATA E FENDA PHILLIPS (FIXAÇÃO) | G29: 7568 | H29: UNID. | I29: 12 | J29: 0.49 | K29: =J29*$G$3 -> 0.601377 | L29: =I29*K29 -> 7.216524
B30: 2.11 | C30: BATENTE PARA PORTA DE MADEIRA, PADRÃO MÉDIO - FORNECIMENTO E MONTAGEM. AF_12/2019 (ESTRUTURA PARA PORTA DE CORRER) | G30: 90801 | H30: UNID. | I30: 1 | J30: 407.2 | K30: =J30*$G$3 -> 499.75656 | L30: =I30*K30 -> 499.75656
B31: TOTAL DA COMPOSIÇÃO 2 = | L31: =SUM(L20:L30) -> 1768.2303
B32: 3 | C32: PORTAS P 02
B33: 3.1 | C33: TABUA APARELHADA *2,5 X 15* CM, EM MACARANDUBA/MASSARANDUBA, ANGELIM OU EQUIVALENTE DA REGIAO (FOLHA DA PORTA) | G33: 3993 | H33: M² | I33: =1.5*2.1 -> 3.15 | J33: 134.18 | K33: =J33*$G$3 -> 164.67911 | L33: =I33*K33 -> 518.73921
B34: 3.2 | C34: PREGO DE ACO POLIDO COM CABECA 17 X 21 (2 X 11) | G34: 5068 | H34: KG | I34: =90*0.004 -> 0.36 | J34: 15.26 | K34: =J34*$G$3 -> 18.728598 | L34: =I34*K34 -> 6.7422953
B35: 3.3 | C35: CAIBRO APARELHADO *7,5 X 7,5* CM, EM MACARANDUBA/MASSARANDUBA, ANGELIM OU EQUIVALENTE DA REGIAO (FOLHA DA PORTA) | G35: 20209 | H35: M | I35: =2.1+2.1+1.5+1.5+3+1.5 -> 11.7 | J35: 29.98 | K35: =J35*$G$3 -> 36.794454 | L35: =I35*K35 -> 430.49511
B36: 3.4 | C36: AJUDANTE DE CARPINTEIRO COM ENCARGOS COMPLEMENTARES | G36: 88239 | H36: H | I36: 3 | J36: 28.29 | K36: =J36*$G$3 -> 34.720317 | L36: =I36*K36 -> 104.16095
B37: 3.5 | C37: CARPINTEIRO DE FORMAS COM ENCARGOS COMPLEMENTARES | G37: 88262 | H37: H | I37: 3 | J37: 34.31 | K37: =J37*$G$3 -> 42.108663 | L37: =I37*K37 -> 126.32599
B38: 3.6 | C38: SERRA CIRCULAR DE BANCADA COM MOTOR ELÉTRICO POTÊNCIA DE 5HP, COM COIFA PARA DISCO 10" - CHP DIURNO. AF_08/2015 | G38: 91692 | H38: H | I38: 0.1 | J38: 34.01 | K38: =J38*$G$3 -> 41.740473 | L38: =I38*K38 -> 4.1740473
B39: 3.7 | C39: GUARNICAO / ALIZAR / VISTA LISA EM MADEIRA MACICA, PARA PORTA , E = *1* COM, L = *5* CM, CEDRINHO / ANGELIM COMERCIAL / TAURI/ CURUPIXA / PEROBA / C UMARU OU EQUIVALENTE DA REGIAO (VISTAS) | G39: 20017 | H39: M | I39: =(2.1+2.1+1.5+1.5)*2 -> 14.4 | J39: 10.18 | K39: =J39*$G$3 -> 12.493914 | L39: =I39*K39 -> 179.91236
B40: 3.8 | C40: FECHO DE EMBUTIR TIPO UNHA 40CM. AF_12/2019 (FECHADURA) | G40: 100708 | H40: UNID. | I40: 1 | J40: 193.88 | K40: =J40*$G$3 -> 237.94892 | L40: =I40*K40 -> 237.94892
B41: 3.9 | C41: CANTONEIRA ACO ABAS IGUAIS (QUALQUER BITOLA), ESPESSURA ENTRE 1/8" E 1/4" (ESTRUTURA PARA PORTA DE CORRER) | G41: 4777 | H41: KG | I41: =1.52*6 -> 9.12 | J41: 7.36 | K41: =J41*$G$3 -> 9.032928 | L41: =I41*K41 -> 82.380303
B42: 3.10 | C42: BUCHA DE NYLON SEM ABA S10, COM PARAFUSO DE 6,10 X 65 MM EM ACO ZINCADO COM ROSCA SOBERBA, CABECA CHATA E FENDA PHILLIPS (FIXAÇÃO) | G42: 7568 | H42: UNID. | I42: 16 | J42: 0.49 | K42: =J42*$G$3 -> 0.601377 | L42: =I42*K42 -> 9.622032
B43: 3.11 | C43: BATENTE PARA PORTA DE MADEIRA, PADRÃO MÉDIO - FORNECIMENTO E MONTAGEM. AF_12/2019 (ESTRUTURA PARA PORTA DE CORRER) | G43: 90801 | H43: UNID. | I43: 1 | J43: 407.2 | K43: =J43*$G$3 -> 499.75656 | L43: =I43*K43 -> 499.75656
B44: TOTAL DA COMPOSIÇÃO 3 = | L44: =SUM(L33:L43) -> 2200.2578
B45: 4 | C45: PORTAS P 03
B46: 4.1 | C46: TABUA APARELHADA *2,5 X 15* CM, EM MACARANDUBA/MASSARANDUBA, ANGELIM OU EQUIVALENTE DA REGIAO (FOLHA DA PORTA) | G46: 3993 | H46: M² | I46: =1.2+2.1 -> 3.3 | J46: 134.18 | K46: =J46*$G$3 -> 164.67911 | L46: =I46*K46 -> 543.44108
B47: 4.2 | C47: PREGO DE ACO POLIDO COM CABECA 17 X 21 (2 X 11) | G47: 5068 | H47: KG | I47: =80*0.004 -> 0.32 | J47: 15.26 | K47: =J47*$G$3 -> 18.728598 | L47: =I47*K47 -> 5.9931514
B48: 4.3 | C48: CAIBRO APARELHADO *7,5 X 7,5* CM, EM MACARANDUBA/MASSARANDUBA, ANGELIM OU EQUIVALENTE DA REGIAO (FOLHA DA PORTA) | G48: 20209 | H48: M | I48: =2.1+2.1+1.2+1.2+3+1.2 -> 10.8 | J48: 29.98 | K48: =J48*$G$3 -> 36.794454 | L48: =I48*K48 -> 397.3801
B49: 4.4 | C49: AJUDANTE DE CARPINTEIRO COM ENCARGOS COMPLEMENTARES | G49: 88239 | H49: H | I49: 3 | J49: 28.29 | K49: =J49*$G$3 -> 34.720317 | L49: =I49*K49 -> 104.16095
B50: 4.5 | C50: CARPINTEIRO DE FORMAS COM ENCARGOS COMPLEMENTARES | G50: 88262 | H50: H | I50: 3 | J50: 34.31 | K50: =J50*$G$3 -> 42.108663 | L50: =I50*K50 -> 126.32599
B51: 4.6 | C51: SERRA CIRCULAR DE BANCADA COM MOTOR ELÉTRICO POTÊNCIA DE 5HP, COM COIFA PARA DISCO 10" - CHP DIURNO. AF_08/2015 | G51: 91692 | H51: H | I51: 0.1 | J51: 34.01 | K51: =J51*$G$3 -> 41.740473 | L51: =I51*K51 -> 4.1740473
B52: 4.7 | C52: GUARNICAO / ALIZAR / VISTA LISA EM MADEIRA MACICA, PARA PORTA , E = *1* COM, L = *5* CM, CEDRINHO / ANGELIM COMERCIAL / TAURI/ CURUPIXA / PEROBA / C UMARU OU EQUIVALENTE DA REGIAO (VISTAS) | G52: 20017 | H52: M | I52: =(1.2+1.2+2.1+2.1)*2 -> 13.2 | J52: 10.18 | K52: =J52*$G$3 -> 12.493914 | L52: =I52*K52 -> 164.91966
B53: 4.8 | C53: FECHO DE EMBUTIR TIPO UNHA 40CM. AF_12/2019 (FECHADURA) | G53: 100708 | H53: UNID. | I53: 1 | J53: 193.88 | K53: =J53*$G$3 -> 237.94892 | L53: =I53*K53 -> 237.94892
B54: 4.9 | C54: CANTONEIRA ACO ABAS IGUAIS (QUALQUER BITOLA), ESPESSURA ENTRE 1/8" E 1/4" (ESTRUTURA PARA PORTA DE CORRER) | G54: 4777 | H54: KG | I54: =1.52*4.8 -> 7.296 | J54: 7.36 | K54: =J54*$G$3 -> 9.032928 | L54: =I54*K54 -> 65.904243
B55: 4.10 | C55: BUCHA DE NYLON SEM ABA S10, COM PARAFUSO DE 6,10 X 65 MM EM ACO ZINCADO COM ROSCA SOBERBA, CABECA CHATA E FENDA PHILLIPS (FIXAÇÃO) | G55: 7568 | H55: UNID. | I55: 16 | J55: 0.49 | K55: =J55*$G$3 -> 0.601377 | L55: =I55*K55 -> 9.622032
B56: 4.11 | C56: BATENTE PARA PORTA DE MADEIRA, PADRÃO MÉDIO - FORNECIMENTO E MONTAGEM. AF_12/2019 (ESTRUTURA PARA PORTA DE CORRER) | G56: 90801 | H56: UNID. | I56: 1 | J56: 407.2 | K56: =J56*$G$3 -> 499.75656 | L56: =I56*K56 -> 499.75656
B57: TOTAL DA COMPOSIÇÃO 4 = | L57: =SUM(L46:L56) -> 2159.6267
B58: 5 | C58: PORTAS P 04
B59: 5.1 | C59: KIT DE PORTA DE MADEIRA PARA PINTURA, SEMI-OCA (LEVE OU MÉDIA), PADRÃO MÉDIO, 90X210CM, ESPESSURA DE 3,5CM, ITENS INCLUSOS: DOBRADIÇAS, MONTAGEM E INSTALAÇÃO DO BATENTE, FECHADURA COM EXECUÇÃO DO FURO - FORNECIMENTO E INSTALAÇÃO. AF_12/2019 (P06) | G59: 90844 | H59: UNID. | I59: =1.11*2 -> 2.22 | J59: 1322.03 | K59: =J59*$G$3 -> 1622.5274 | L59: =I59*K59 -> 3602.0109
B60: TOTAL DA COMPOSIÇÃO 5 = | L60: =SUM(L59) -> 3602.0109
B61: 6 | C61: PORTAS P 05
B62: 6.1 | C62: KIT DE PORTA DE MADEIRA PARA PINTURA, SEMI-OCA (LEVE OU MÉDIA), PADRÃO MÉDIO, 90X210CM, ESPESSURA DE 3,5CM, ITENS INCLUSOS: DOBRADIÇAS, MONTAGEM E INSTALAÇÃO DO BATENTE, FECHADURA COM EXECUÇÃO DO FURO - FORNECIMENTO E INSTALAÇÃO. AF_12/2019 (P06) | G62: 90844 | H62: UNID. | I62: =1.11 -> 1.11 | J62: 1322.03 | K62: =J62*$G$3 -> 1622.5274 | L62: =I62*K62 -> 1801.0054
B63: TOTAL DA COMPOSIÇÃO 6 = | L63: =SUM(L62) -> 1801.0054
B64: 7 | C64: PORTAS P 09
B65: 7.1 | C65: KIT DE PORTA DE MADEIRA TIPO MEXICANA, MACIÇA (PESADA OU SUPERPESADA), PADRÃO MÉDIO, 80X210CM, ESPESSURA DE 3CM, ITENS INCLUSOS: DOBRADIÇAS, MONTAGEM E INSTALAÇÃO DO BATENTE, SEM FECHADURA - FORNECIMENTO E INSTALAÇÃO. AF_12/2019 | G65: 91336 | H65: UNID. | I65: 2 | J65: 2194.58 | K65: =J65*$G$3 -> 2693.408 | L65: =I65*K65 -> 5386.8161
B66: TOTAL DA COMPOSIÇÃO 7 = | L66: =SUM(L65) -> 5386.8161
B67: 8 | C67: PORTAS P 07
B68: 8.1 | C68: KIT DE PORTA DE MADEIRA PARA PINTURA, SEMI-OCA (LEVE OU MÉDIA), PADRÃO MÉDIO, 90X210CM, ESPESSURA DE 3,5CM, ITENS INCLUSOS: DOBRADIÇAS, MONTAGEM E INSTALAÇÃO DO BATENTE, FECHADURA COM EXECUÇÃO DO FURO - FORNECIMENTO E INSTALAÇÃO. AF_12/2019 (P06) | G68: 90844 | H68: UNID. | I68: =1.11 -> 1.11 | J68: 1322.03 | K68: =J68*$G$3 -> 1622.5274 | L68: =I68*K68 -> 1801.0054
B69: 8.2 | C69: CANTONEIRA ACO ABAS IGUAIS (QUALQUER BITOLA), ESPESSURA ENTRE 1/8" E 1/4" (ESTRUTURA PARA PORTA DE CORRER) | G69: 4777 | H69: KG | I69: =1.52*3.6 -> 5.472 | J69: 7.36 | K69: =J69*$G$3 -> 9.032928 | L69: =I69*K69 -> 49.428182
B70: 8.3 | C70: BUCHA DE NYLON SEM ABA S10, COM PARAFUSO DE 6,10 X 65 MM EM ACO ZINCADO COM ROSCA SOBERBA, CABECA CHATA E FENDA PHILLIPS (FIXAÇÃO) | G70: 7568 | H70: UNID. | I70: 16 | J70: 0.49 | K70: =J70*$G$3 -> 0.601377 | L70: =I70*K70 -> 9.622032
B71: 8.4 | C71: BATENTE PARA PORTA DE MADEIRA, PADRÃO MÉDIO - FORNECIMENTO E MONTAGEM. AF_12/2019 (ESTRUTURA PARA PORTA DE CORRER) | G71: 90801 | H71: UNID. | I71: 1 | J71: 407.2 | K71: =J71*$G$3 -> 499.75656 | L71: =I71*K71 -> 499.75656
B72: 8.5 | C72: AJUDANTE DE CARPINTEIRO COM ENCARGOS COMPLEMENTARES | G72: 88239 | H72: H | I72: 1.5 | J72: 28.29 | K72: =J72*$G$3 -> 34.720317 | L72: =I72*K72 -> 52.080476
B73: 8.6 | C73: CARPINTEIRO DE FORMAS COM ENCARGOS COMPLEMENTARES | G73: 88262 | H73: H | I73: 1.5 | J73: 34.31 | K73: =J73*$G$3 -> 42.108663 | L73: =I73*K73 -> 63.162995
B74: TOTAL DA COMPOSIÇÃO 8 = | L74: =SUM(L68:L73) -> 2475.0557
B75: 9 | C75: JANELAS COM FOLHAS DE VIDRO E MARCO E VISTAS EM MADEIRA J 02
B76: 9.1 | C76: JANELA DE ALUMÍNIO DE CORRER COM 2 FOLHAS PARA VIDROS, COM VIDROS, BATENTE, ACABAMENTO COM ACETATO OU BRILHANTE E FERRAGENS. EXCLUSIVE ALIZAR E CONTRAMARCO. FORNECIMENTO E INSTALAÇÃO. AF_12/2019 | G76: 94570 | H76: M² | I76: =1.5*1.2 -> 1.8 | J76: 692.4 | K76: =J76*$G$3 -> 849.78252 | L76: =I76*K76 -> 1529.6085
B77: 9.2 | C77: GUARNICAO / ALIZAR / VISTA LISA EM MADEIRA MACICA, PARA PORTA , E = *1* COM, L = *5* CM, CEDRINHO / ANGELIM COMERCIAL / TAURI/ CURUPIXA / PEROBA / C UMARU OU EQUIVALENTE DA REGIAO (VISTAS) | G77: 20017 | H77: M | I77: =(1.5+1.5+1.2+1.2)*2 -> 10.8 | J77: 10.18 | K77: =J77*$G$3 -> 12.493914 | L77: =I77*K77 -> 134.93427
B78: 9.3 | C78: BATENTE PARA PORTA DE MADEIRA, PADRÃO MÉDIO - FORNECIMENTO E MONTAGEM. AF_12/2019 (ESTRUTURA PARA PORTA DE CORRER) | G78: 90801 | H78: UNID. | I78: 1.08 | J78: 407.2 | K78: =J78*$G$3 -> 499.75656 | L78: =I78*K78 -> 539.73708
B79: 9.4 | C79: BUCHA DE NYLON SEM ABA S10, COM PARAFUSO DE 6,10 X 65 MM EM ACO ZINCADO COM ROSCA SOBERBA, CABECA CHATA E FENDA PHILLIPS (FIXAÇÃO) | G79: 7568 | H79: UNID. | I79: 12 | J79: 0.49 | K79: =J79*$G$3 -> 0.601377 | L79: =I79*K79 -> 7.216524
B80: TOTAL DA COMPOSIÇÃO 9 = | L80: =SUM(L76:L79) -> 2211.4964
B81: 10 | C81: JANELAS COM FOLHAS DE VIDRO MAXI AR E MARCO E VISTAS EM MADEIRA J 03
B82: 10.1 | C82: JANELA DE ALUMÍNIO TIPO MAXIM-AR, COM VIDROS, BATENTE E FERRAGENS. EXCLUSI VE ALIZAR, ACABAMENTO E CONTRAMARCO. FORNECIMENTO E INSTALAÇÃO. AF_12/2019 | G82: 94569 | H82: M² | I82: =0.8*0.6 -> 0.48 | J82: 1320.01 | K82: =J82*$G$3 -> 1620.0483 | L82: =I82*K82 -> 777.62317
B83: 10.2 | C83: GUARNICAO / ALIZAR / VISTA LISA EM MADEIRA MACICA, PARA PORTA , E = *1* COM, L = *5* CM, CEDRINHO / ANGELIM COMERCIAL / TAURI/ CURUPIXA / PEROBA / C UMARU OU EQUIVALENTE DA REGIAO (VISTAS) | G83: 20017 | H83: M | I83: =(1.5+1.5+1.2+1.2)*2 -> 10.8 | J83: 10.18 | K83: =J83*$G$3 -> 12.493914 | L83: =I83*K83 -> 134.93427
B84: 10.3 | C84: BATENTE PARA PORTA DE MADEIRA, PADRÃO MÉDIO - FORNECIMENTO E MONTAGEM. AF_12/2019 (ESTRUTURA PARA PORTA DE CORRER) | G84: 90801 | H84: UNID. | I84: 0.56 | J84: 407.2 | K84: =J84*$G$3 -> 499.75656 | L84: =I84*K84 -> 279.86367
B85: 10.4 | C85: BUCHA DE NYLON SEM ABA S10, COM PARAFUSO DE 6,10 X 65 MM EM ACO ZINCADO COM ROSCA SOBERBA, CABECA CHATA E FENDA PHILLIPS (FIXAÇÃO) | G85: 7568 | H85: UNID. | I85: 12 | J85: 0.49 | K85: =J85*$G$3 -> 0.601377 | L85: =I85*K85 -> 7.216524
B86: TOTAL DA COMPOSIÇÃO 10 = | L86: =SUM(L82:L85) -> 1199.6376
B87: 11 | C87: JANELAS COM VIDRO FIXO SEM ABERTURA COM MARCO E VISTAS EM MADEIRA J 04
B88: 11.1 | C88: INSTALAÇÃO DE VIDRO TEMPERADO, E = 10 MM, ENCAIXADO EM PERFIL U. AF_01/2021_PS | G88: 102181 | H88: M² | I88: =3*1.55 -> 4.65 | J88: 541.75 | K88: =J88*$G$3 -> 664.88977 | L88: =I88*K88 -> 3091.7375
B89: 11.2 | C89: GUARNICAO / ALIZAR / VISTA LISA EM MADEIRA MACICA, PARA PORTA , E = *1* COM, L = *5* CM, CEDRINHO / ANGELIM COMERCIAL / TAURI/ CURUPIXA / PEROBA / C UMARU OU EQUIVALENTE DA REGIAO (VISTAS) | G89: 20017 | H89: M | I89: =(3+3+1.55+1.55)*2 -> 18.2 | J89: 10.18 | K89: =J89*$G$3 -> 12.493914 | L89: =I89*K89 -> 227.38923
B90: 11.3 | C90: BATENTE PARA PORTA DE MADEIRA, PADRÃO MÉDIO - FORNECIMENTO E MONTAGEM. AF_12/2019 (ESTRUTURA PARA PORTA DE CORRER) | G90: 90801 | H90: UNID. | I90: 1.82 | J90: 407.2 | K90: =J90*$G$3 -> 499.75656 | L90: =I90*K90 -> 909.55694
B91: 11.4 | C91: BUCHA DE NYLON SEM ABA S10, COM PARAFUSO DE 6,10 X 65 MM EM ACO ZINCADO COM ROSCA SOBERBA, CABECA CHATA E FENDA PHILLIPS (FIXAÇÃO) | G91: 7568 | H91: UNID. | I91: 12 | J91: 0.49 | K91: =J91*$G$3 -> 0.601377 | L91: =I91*K91 -> 7.216524
B92: TOTAL DA COMPOSIÇÃO 11 = | L92: =SUM(L88:L91) -> 4235.9002
B93: 12 | C93: JANELAS COM VIDRO FIXO SEM ABERTURA COM MARCO E VISTAS EM MADEIRA J 05
B94: 12.1 | C94: INSTALAÇÃO DE VIDRO TEMPERADO, E = 10 MM, ENCAIXADO EM PERFIL U. AF_01/2021_PS | G94: 102181 | H94: M² | I94: =1.5*0.8 -> 1.2 | J94: 541.75 | K94: =J94*$G$3 -> 664.88977 | L94: =I94*K94 -> 797.86773
B95: 12.2 | C95: GUARNICAO / ALIZAR / VISTA LISA EM MADEIRA MACICA, PARA PORTA , E = *1* COM, L = *5* CM, CEDRINHO / ANGELIM COMERCIAL / TAURI/ CURUPIXA / PEROBA / C UMARU OU EQUIVALENTE DA REGIAO (VISTAS) | G95: 20017 | H95: M | I95: =(1.5+1.5+0.8+0.8)*2 -> 9.2 | J95: 10.18 | K95: =J95*$G$3 -> 12.493914 | L95: =I95*K95 -> 114.94401
B96: 12.3 | C96: BATENTE PARA PORTA DE MADEIRA, PADRÃO MÉDIO - FORNECIMENTO E MONTAGEM. AF_12/2019 (ESTRUTURA PARA PORTA DE CORRER) | G96: 90801 | H96: UNID. | I96: 0.92 | J96: 407.2 | K96: =J96*$G$3 -> 499.75656 | L96: =I96*K96 -> 459.77604
B97: 12.4 | C97: BUCHA DE NYLON SEM ABA S10, COM PARAFUSO DE 6,10 X 65 MM EM ACO ZINCADO COM ROSCA SOBERBA, CABECA CHATA E FENDA PHILLIPS (FIXAÇÃO) | G97: 7568 | H97: UNID. | I97: 12 | J97: 0.49 | K97: =J97*$G$3 -> 0.601377 | L97: =I97*K97 -> 7.216524
B98: TOTAL DA COMPOSIÇÃO 12 = | L98: =SUM(L94:L97) -> 1379.8043
B99: 13 | C99: JANELAS COM VIDRO FIXO SEM ABERTURA COM MARCO E VISTAS EM MADEIRA J 04
B100: 13.1 | C100: INSTALAÇÃO DE VIDRO TEMPERADO, E = 10 MM, ENCAIXADO EM PERFIL U. AF_01/2021_PS | G100: 102181 | H100: M² | I100: 1.2 | J100: 541.75 | K100: =J100*$G$3 -> 664.88977 | L100: =I100*K100 -> 797.86773
B101: 13.2 | C101: GUARNICAO / ALIZAR / VISTA LISA EM MADEIRA MACICA, PARA PORTA , E = *1* COM, L = *5* CM, CEDRINHO / ANGELIM COMERCIAL / TAURI/ CURUPIXA / PEROBA / C UMARU OU EQUIVALENTE DA REGIAO (VISTAS) | G101: 20017 | H101: M | I101: =1.5+1.5+0.8+0.8 -> 4.6 | J101: 10.18 | K101: =J101*$G$3 -> 12.493914 | L101: =I101*K101 -> 57.472004
B102: 13.3 | C102: BATENTE PARA PORTA DE MADEIRA, PADRÃO MÉDIO - FORNECIMENTO E MONTAGEM. AF_12/2019 (ESTRUTURA PARA PORTA DE CORRER) | G102: 90801 | H102: UNID. | I102: 0.91 | J102: 407.2 | K102: =J102*$G$3 -> 499.75656 | L102: =I102*K102 -> 454.77847
...
